 Dungeon Crawl Stone Soup version 0.21-a0-150-gc243083 (webtiles) character file.

19343 Duffy the Martial Artist (level 12, 64/64 HPs)
             Began as a Vine Stalker Monk on July 27, 2017.
             Was the Champion of Cheibriados.
             Quit the game on level 2 of the Lair of Beasts on July 28, 2017.
             The game lasted 00:17:04 (11252 turns).

Duffy the Martial Artist (Vine Stalker Monk)       Turns: 11252, Time: 00:17:04

Health: 64/64      AC: 14    Str: 33    XL:     12   Next: 68%
Magic:  27/27      EV: 10    Int: 25    God:    Cheibriados [******]
Gold:   604        SH: 21    Dex: 33    Spells: 4/11 levels left

rFire    . . .     SeeInvis .   T - staff of cold
rCold    + . .     Gourm    .   o - +0 large shield
rNeg     . . .     Faith    .   k - +0 plate armour
rPois    .         Spirit   +   n - +1 helmet
rElec    .         Reflect  .   u - +0 cloak
rCorr    .         Harm     .   (no gloves)
MR       +....                  (no boots)
Stlth    ..........             O - amulet of regeneration
HPRegen  1.40/turn              P - ring of magical power
MPRegen  0.20/turn              g - +3 ring of evasion

@: very slow
A: fangs 3, regeneration 2, magic shield, antimagic bite, no potion heal 3, rot
immunity, MP-powered wands
a: Bend Time, Temporal Distortion, Slouch, Step From Time, Renounce Religion


You were on level 2 of the Lair of Beasts.
You worshipped Cheibriados.
Cheibriados was exalted by your worship.
You were not hungry.

You visited 3 branches of the dungeon, and saw 13 of its levels.
You also visited: Labyrinth.

You collected 604 gold pieces.

Inventory:

Hand Weapons
 J - the +3 Elemental Staff {rElec rF++ rC++ MR++ AC+5}
   (You found it on level 10 of the Dungeon)

   It affects your AC (+5).
   It greatly protects you from fire.
   It greatly protects you from cold.
   It insulates you from electricity.
   It affects your resistance to hostile enchantments.
Missiles
 y - a throwing net (quivered)
Armour
 k - a +0 plate armour (worn)
 n - a +1 helmet (worn)
 o - a +0 large shield (worn)
 u - a +0 cloak (worn)
 A - a scarf of cloud immunity
 R - a +1 buckler of protection
 S - a +0 robe
Magical Staves
 T - an uncursed staff of cold (weapon)
 U - an uncursed staff of energy
Jewellery
 e - an uncursed ring of resist corrosion
 g - a +3 ring of evasion (right hand)
 l - an uncursed ring of protection from magic
 t - an uncursed amulet of rage
 H - an uncursed amulet of the gourmand
 L - an uncursed ring of protection from fire
 O - an amulet of regeneration (around neck)
 P - a ring of magical power (left hand)
Wands
 s - a wand of iceblast (6/15)
 x - a wand of polymorph (13/24)
 z - a wand of polymorph (17/24)
 F - a wand of lightning (3/15)
 G - a wand of lightning (8/15)
 K - a wand of iceblast (12/15)
 M - a wand of flame (21/48)
 N - a wand of confusion (8/48)
 Q - a wand of digging (14/24)
Scrolls
 a - 2 scrolls of fog
 d - a scroll of fear
 h - 7 scrolls of remove curse
 j - 6 scrolls of teleportation
 m - 3 scrolls of immolation
 v - 4 scrolls of blinking
 w - 2 scrolls of recharging
 C - a scroll of summoning
 D - 2 scrolls of vulnerability
 I - a scroll of enchant armour
Potions
 c - 4 potions of ambrosia
 f - a potion of agility
 q - a potion of curing
 E - a potion of mutation
Comestibles
 b - 6 bread rations
 i - 5 meat rations
 p - 10 royal jellies
 B - 15 fruits


   Skills:
 + Level 7.9 Fighting
 + Level 3.6 Armour
 - Level 2.4 Dodging
 - Level 2.4 Stealth
 - Level 9.1 Shields
 * Level 13.8 Unarmed Combat
 + Level 7.0 Invocations


You had 4 spell levels left.
You knew the following spells:

 Your Spells              Type           Power        Failure   Level  Hunger
a - Passwall              Tmut/Erth      #.........   100%        2    ###....
b - Blade Hands           Tmut           #.........   100%        5    ######.


Dungeon Overview and Level Annotations

Branches:
Dungeon (10/15)            Temple (1/1) D:4            Lair (2/6) D:9
    Orc (0/2) D:9
  Swamp: Lair:2-4    Shoals: Lair:2-4     Snake: Lair:2-4    Spider: Lair:2-4

Altars:
Ashenzari
Cheibriados
Dithmenos
Elyvilon
Fedhas
Gozag
Hepliaklqana
Kikubaaqudgha
Makhleb
Nemelex Xobeh
Okawaru
Qazlal
Ru
Sif Muna
Trog
Uskayaw
Vehumet
Wu Jian
Xom
Yredelemnul
Zin
The Shining One

Shops:
D:8 %   D:9 (


Innate Abilities, Weirdness & Mutations

You have razor-sharp teeth.
You heal very quickly.
When hurt, damage is shared between your health and your magic reserves.
Your bite disrupts and absorbs the magic of your enemies.
Potions cannot restore your health.
You are immune to rotting.
You expend magic power (3 MP) to strengthen your wands.


Message History

< or
r - the ring "Gothrirho" {Str-3 Int+3 Stlth+} > or
g - a +3 ring of evasion You remove the ring "Gothrirho" {Str-3 Int+3 Stlth+}.
You feel stronger.
You feel your magic capacity increase.
P - a ring of magical power (left hand) Put on which piece of jewellery? (? for menu, Esc to quit)
Okay, then.
Okay, then.
Drop what? 47/52 slots (_ for help) (? for menu, Esc to quit)
You drop the ring "Gothrirho" {Str-3 Int+3 Stlth+}.
Welcome back to the Lair of Beasts!
There is an empty arch of ancient stone here.
Magic restored.
a - 2 scrolls of fog (gained 1)
h - 7 scrolls of remove curse (gained 1)
Found a stone staircase leading up.
Drop what? 46/52 slots (_ for help) (? for menu, Esc to quit)
Okay, then.
Are you sure you want to abandon this character and quit the game? (Confirm with "yes".)

...#,#..P.#***
*,,*,,,,,,,,,,,**
.#.##....#*
*,,,,,,,,,,,,,,**
........#,*
*,*,,,*,,,,,,,**,
##....###**
****,*,,*,,,,,*** ##..##
*****,#,,,**,,*,** #...#
###,##,.##.,*******,
##...# #.##.#....<,* *,
#...## #........#,,* *,
##..#
##.#@#*,,,,,********,
#...#####
#...##*,,,,,,,,,,**,,
##......# ##.##
*,,,*,****,**,> ##.P...##
##..# **,*,,,**,,**,,
**#.###..# #..##
*,**,****,**,*
**.#.#.#.#####..## *,**,*
*,,,,,
,..........#.....###.##.#
*,****
,....P...#.......\......#
***
,.#####...#P...#.#####P.#


There were no monsters in sight!

Vanquished Creatures
  The ghost of Episciencis the Severer, a journeyman HOBe of Trog (Lair:1)
  A minotaur (Lab)
  A hydra (D:8)
  Erica (D:10)
  4 two-headed ogres
  Urug (D:10)
  A deep elf mage (D:10)
  A black mamba (Lair:1)
  A komodo dragon (Lair:1)
  A rime drake (Lair:1)
  2 trolls
  2 hornets (D:9)
  3 dream sheep
  4 hippogriffs
  2 wraiths (D:8)
  A wyvern (D:8)
  Eustachio (D:5)
  7 yaks
  Sigmund (D:3)
  A basilisk (Lair:1)
  5 hungry ghosts
  A steam dragon (D:9)
  Menkaure (D:6)
  3 water moccasins (Lair:1)
  3 porcupines
  6 orc warriors
  2 sky beasts
  3 black bears
  7 wolves
  2 necrophages
  2 phantoms
  3 centaurs
  2 ogres
  A crocodile (Lair:1)
  2 elf zombies (D:8)
  Blork the orc (D:5)
  3 big kobolds (D:8)
  A gnoll sergeant (D:10)
  6 bullfrogs
  A wyvern zombie (D:10)
  A wyvern skeleton (D:10)
  A water moccasin skeleton (D:7)
  3 scorpions
  A troll zombie (D:8)
  2 spriggan skeletons (Lab)
  9 wights
  An electric eel (Lair:1)
  4 howler monkeys
  3 crimson imps
  2 centaur zombies
  A quasit (D:9)
  3 human zombies (D:8)
  9 orc priests
  6 hounds
  4 jellies
  A centaur skeleton (Lab)
  Crazy Yiuf (D:5)
  A bullfrog skeleton (D:10)
  A human skeleton (D:8)
  2 iguanas
  13 orc wizards
  10 worker ants
  An ogre skeleton (Lab)
  2 hound zombies
  2 worker ant zombies (D:7)
  A howler monkey zombie (D:5)
  14 adders
  6 gnolls
  5 shadow imps
  2 oozes
  An adder zombie (D:7)
  An adder skeleton (D:7)
  4 worms
  2 dart slugs
  8 leopard geckos
  40 orcs
  7 giant cockroaches
  14 hobgoblins
  13 jackals
  3 quokkas
  4 ball pythons
  8 bats
  6 frilled lizards
  9 goblins
  10 kobolds
  A quokka zombie (D:7)
  8 rats
343 creatures vanquished.

Vanquished Creatures (others)
  An orc (D:9)
  A bush (Lair:1)
  A fungus (Lair:1)
  5 plants
8 creatures vanquished.

Grand Total: 351 creatures vanquished

Notes
Turn   | Place    | Note
-------+----------+-------------------------------------------
     0 | D:1      | Duffy the Vine Stalker Monk began the quest for the Orb.
     0 | D:1      | Reached XP level 1. HP: 11/11 MP: 2/2
   115 | D:2      | Reached XP level 2. HP: 6/16 MP: 3/3
   539 | D:2      | Reached skill level 4 in Unarmed Combat
   539 | D:2      | Reached XP level 3. HP: 11/19 MP: 2/4
  1295 | D:1      | Gained mutation: Your natural rate of healing is unusually fast. [Vine Stalker growth]
  1295 | D:1      | Reached XP level 4. HP: 23/23 MP: 5/5
  1709 | D:1      | Reached skill level 5 in Unarmed Combat
  2055 | D:2      | Found a shimmering altar of Xom.
  2361 | D:3      | Reached XP level 5. HP: 22/27 MP: 6/6
  2529 | D:3      | Noticed Sigmund
  2646 | D:3      | Killed Sigmund
  2646 | D:3      | Reached skill level 6 in Unarmed Combat
  2646 | D:3      | Reached XP level 6. HP: 19/32 MP: 4/7
  2711 | D:3      | Reached skill level 7 in Unarmed Combat
  3165 | D:4      | Found a staircase to the Ecumenical Temple.
  3174 | Temple   | Entered the Ecumenical Temple
  3251 | Temple   | Became a worshipper of Cheibriados the Contemplative
  3251 | Temple   | Reached * piety under Cheibriados
  3251 | Temple   | Reached ** piety under Cheibriados
  3858 | D:5      | Entered Level 5 of the Dungeon
  3897 | D:5      | Noticed Eustachio
  3912 | D:5      | Killed Eustachio
  3912 | D:5      | Reached skill level 1 in Shields
  3912 | D:5      | Reached XP level 7. HP: 35/35 MP: 8/8
  4063 | D:5      | Noticed Blork the orc
  4072 | D:5      | Killed Blork the orc
  4072 | D:5      | Reached skill level 8 in Unarmed Combat
  4244 | D:5      | Found a runed door.
  4248 | D:5      | Noticed Crazy Yiuf
  4252 | D:5      | Killed Crazy Yiuf
  4300 | D:5      | Gained mutation: You have razor-sharp teeth. [Vine Stalker growth]
  4300 | D:5      | Reached XP level 8. HP: 33/40 MP: 7/9
  4488 | D:6      | Reached *** piety under Cheibriados
  4781 | D:6      | Reached skill level 9 in Unarmed Combat
  4877 | D:6      | Found a snail-covered altar of Cheibriados.
  5086 | D:7      | Noticed Menkaure
  5093 | D:6      | Killed Menkaure
  5095 | D:6      | Reached skill level 5 in Shields
  5095 | D:6      | Reached XP level 9. HP: 36/45 MP: 8/10
  5264 | D:7      | Reached **** piety under Cheibriados
  5312 | D:7      | Learned a level 2 spell: Passwall
  5498 | D:7      | Found a shimmering altar of Xom.
  5971 | D:7      | Reached skill level 10 in Unarmed Combat
  6258 | D:8      | Found a basalt altar of Yredelemnul.
  6262 | D:8      | Reached skill level 1 in Invocations
  6267 | D:8      | Reached ***** piety under Cheibriados
  6277 | D:8      | Reached skill level 5 in Fighting
  6305 | D:8      | Reached XP level 10. HP: 51/51 MP: 12/12
  6437 | D:8      | Noticed a two-headed ogre
  6442 | D:8      | Killed a two-headed ogre
  6442 | D:8      | Reached skill level 11 in Unarmed Combat
  6449 | D:8      | Gained mutation: You expend magic power (3 MP) to strengthen your wands. [mutagenic meat]
  6664 | D:8      | Found Dotuseme's Food Shop.
  6753 | D:8      | Noticed a three-headed hydra
  6761 | D:8      | Killed a three-headed hydra
  7129 | D:9      | Found a bloodstained altar of Trog.
  7166 | D:9      | Reached XP level 11. HP: 56/56 MP: 15/15
  7209 | D:9      | Found a staircase to the Lair.
  7375 | D:9      | Found a staircase to the Orcish Mines.
  7416 | D:9      | Paralysed by a hornet for 1 turns
  7455 | D:9      | Paralysed by a hornet for 1 turns
  7467 | D:9      | Noticed a two-headed ogre
  7472 | D:9      | Killed a two-headed ogre
  7472 | D:9      | Reached skill level 12 in Unarmed Combat
  7474 | D:9      | Reached ****** piety under Cheibriados
  7672 | D:9      | Found Yhetam's Antique Weapon Boutique.
  8140 | D:10     | Entered Level 10 of the Dungeon
  8305 | D:10     | Reached skill level 5 in Invocations
  8391 | D:10     | Noticed Urug
  8405 | D:10     | Killed Urug
  8405 | D:10     | Reached skill level 1 in Armour
  8469 | D:10     | Noticed a deep elf mage
  8476 | D:10     | Killed a deep elf mage
  8515 | D:10     | Learned a level 5 spell: Blade Hands
  8559 | D:10     | Noticed a two-headed ogre
  8568 | D:10     | Killed a two-headed ogre
  8670 | D:10     | Noticed Erica
  8677 | D:10     | Killed Erica
  9158 | D:10     | Gained mutation: You heal very quickly. [Vine Stalker growth]
  9158 | D:10     | Reached XP level 12. HP: 62/63 MP: 17/17
  9213 | D:10     | Noticed a two-headed ogre
  9218 | D:10     | Killed a two-headed ogre
  9218 | D:10     | Reached skill level 13 in Unarmed Combat
  9441 | Lair:1   | Entered Level 1 of the Lair of Beasts
  9497 | Lair:1   | Noticed Episciencis's ghost (journeyman HOBe)
  9679 | Lair:1   | Killed Episciencis's ghost
 10660 | Lair:2   | Found a labyrinth entrance.
 10669 | Lab      | Entered a labyrinth
 11120 | Lab      | Noticed a minotaur
 11128 | Lab      | Killed a minotaur
 11130 | Lab      | Got a bound ivory ring
 11152 | Lab      | Identified the cursed ring "Gothrirho" {Str-3 Int+3 Stlth+} (You took it off a minotaur in a labyrinth)
 11252 | Lair:2   | Quit the game

Vault maps used:
D:1:      dpeg_arrival_castle, roderic_aztec_sauvastika
D:2:      lemuel_coloured_pillars_altar, first_bread
D:3:      uniq_sigmund
D:4:      minmay_opposing_rooms, minmay_temple_entry_trees
D:5:      uniq_blork_the_orc, uniq_crazy_yiuf_cottage, uniq_eustachio
D:6:      cheibrodos_worm_habitat
D:7:      basic_altar, kennysheep_decorative_pillar, uniq_menkaure
D:8:      serial_shops, shop, minmay_tree_intersection, hangedman_ranch,
          minmay_misc_feat_roman, lemuel_mausoleum_altar_yredelemnul
D:9:      erik_lair_island, orc_0_dummy, serial_shops,
          nicolae_shop_behind_doors, trog_three_pillars_becter
D:10:     minmay_librarian, uniq_urug, uniq_erica
Temple:   grunt_wide_crystal_templ
Lair:1:   nicolae_quartered_pool_super, serial_bayou_lagoon_a,
          grunt_megastairs_5
Lair:2:   beast_lair_carwin_large_4, lab_entry_generic, grunt_megastairs_4,
          serial_bayou_shore_b
Lab:      labyrinth_watery, nicolae_lab_diamond, labyrinth_skeletal_remains,
          nicolae_lab_starburst, nicolae_lab_plus

Skill      XL: |  1  2  3  4  5  6  7  8  9 10 11 12 |
---------------+-------------------------------------+-----
Unarmed Combat | 4 5 6 7 8 9 10 11 12 13 | 13.8
Shields        | 1 3 5 7 8 9 |  9.1
Fighting       | 3 4 5 7 |  7.9
Invocations    | 2 4 5 7 |  7.0
Armour         | 2 3 |  3.6
Dodging        | |  2.4
Stealth        | |  2.4

Action                   |  1- 3 |  4- 6 |  7- 9 | 10-12 || total
-------------------------+-------+-------+-------+-------++-------
Melee: Unarmed           |    75 |   216 |   327 |   456 ||  1074
       Bite              |    18 |    70 |   168 |   253 ||   509
       Punch             |       |     2 |       |       ||     2
Evoke: Wand              |       |       |       |     4 ||     4
  Use: Scroll            |       |     5 |     7 |    16 ||    28
       Potion            |       |       |       |     4 ||     4
 Stab: Sleeping          |     1 |     5 |     7 |     1 ||    14
       Distracted        |       |       |       |     1 ||     1
  Eat: Chunk             |     1 |     7 |     5 |    14 ||    27
       Bread ration      |       |       |       |     2 ||     2
Armor: Robe              |    10 |    16 |       |       ||    26
       Chain mail        |       |    46 |    27 |       ||    73
       Ring mail         |       |       |    41 |    38 ||    79
       Plate armour      |       |       |       |    59 ||    59
       Skin              |       |       |       |     2 ||     2
Dodge: Dodged            |    43 |    99 |    49 |   100 ||   291
Block: Large shield      |       |    11 |   232 |   459 ||   702
